 Dungeon Crawl Stone Soup version 0.28.0 (webtiles) character file.

Game seed: 2499202929594029869

13 browni3141 the Sneak (level 2, 0/27 HPs)
             Began as a Hill Orc Delver on Feb 6, 2022.
             Succumbed to an adder's poison
             ... on level 4 of the Dungeon.
             The game lasted 00:00:51 (68 turns).

browni3141 the Sneak (Hill Orc Delver)                Turns: 68, Time: 00:00:51

Health: 0/27       AC:  3    Str: 14    XL:     2   Next: 37%
Magic:  2/2        EV: 11    Int: 10    God:
Gold:   10         SH:  0    Dex: 12    Spells: 1/1 levels left

rFire   . . .      SeeInvis .   a - +0 hand axe
rCold   . . .      Faith    .   (no shield)
rNeg    . . .      Spirit   .   b - +0 leather armour
rPois   .          Reflect  .   (no helmet)
rElec   .          Harm     .   (no cloak)
rCorr   .          Rampage  .   (no gloves)
Will    .....                   (no boots)
Stlth   ++........              (no amulet)
HPRegen 0.09/turn               (no ring)
MPRegen 0.08/turn               (no ring)

@: lethally poisoned (0 -> -1)
A: no striking features
a: no special abilities


You were on level 4 of the Dungeon.
You visited 1 branch of the dungeon, and saw 3 of its levels.

You collected 10 gold pieces.

Inventory:

Hand Weapons
 a - a +0 hand axe (weapon)
Armour
 b - a +0 leather armour (worn)
Wands
 g - a wand of digging (3)
Scrolls
 c - a scroll of fog
 d - a scroll of magic mapping
 e - a scroll of fear
 h - a scroll of teleportation {unknown}
 i - a scroll of vulnerability {unknown}
Potions
 f - a potion of haste


   Skills:
 * Level 4.0 Fighting
 - Level 3.0 Axes
 - Level 1.7 Dodging
 - Level 4.2 Stealth


You had one spell level left.
You didn't know any spells.
Your spell library was empty.

Dungeon Overview and Level Annotations

Branches:
Dungeon (6/15)
 Temple: D:4-7

Altars:


Message History

You hit the adder.
The adder is lightly wounded.
You hit the hobgoblin but do no damage. The adder bites you.
The hobgoblin hits you but does no damage.
You barely miss the adder.
The adder is lightly wounded.
You hit the hobgoblin but do no damage. The adder closely misses you.
The hobgoblin hits you. The adder closely misses you.
You are too injured to fight recklessly!
You are too injured to fight recklessly!
You are too injured to fight recklessly!
You are too injured to fight recklessly!
You barely miss the adder.
The adder is lightly wounded.
You hit the hobgoblin.
The hobgoblin hits you but does no damage.
The adder bites you.
The hobgoblin hits you but does no damage.
The adder bites you.
* * * LOW HITPOINT WARNING * * *
You are poisoned.
The adder poisons you!
You closely miss the adder.
The adder is lightly wounded.
You hit the hobgoblin.
You kill the hobgoblin!
You feel sick. The adder closely misses you.
Your Fighting skill increases to level 4!
Unknown command.
You hit the adder but do no damage.
The adder is lightly wounded.
You feel sick. The adder bites you.
* * * LOW HITPOINT WARNING * * *
The adder misses you.
Unknown command.
Okay, then.
You are too injured to fight recklessly!
You hit the adder.
The adder is heavily wounded.
You die...

.#. #.#. #..
.... #..(##
..... ##..#.
..... .....
......
..##...##....
#........##
#.....@S..#
...............
#.####.........
#.........
#.........
#######.## .# #


You could see an adder.

Vanquished Creatures
  An adder (D:5)
  An endoplasm (D:4)
  2 hobgoblins (D:4)
4 creatures vanquished.

Notes
Turn   | Place    | Note
-------+----------+-------------------------------------------
     0 | D:5      | browni3141 the Hill Orc Delver began the quest for the Orb.
     0 | D:5      | Reached XP level 1. HP: 19/19 MP: 1/1
     9 | D:6      | Noticed a hound
    18 | D:5      | Reached XP level 2. HP: 27/27 MP: 2/2
    67 | D:4      | HP: 1/27 [adder (3)]
    68 | D:4      | Succumbed to an adder's poison

Illustrated notes

Levels and vault maps discovered:
D:4:      layout_rooms, mainiacjoe_overflow_cross_hatched,
          nicolae_gozag_cash_rules_everything_around_me,
          mainiacjoe_overflow_alcove_2, minmay_temple_entry_glass
D:5:      layout_basic
D:6:      layout_rooms, chequers_temple_overflow_minitemple, serial_shops,
          nicolae_shop_overgrown_old_shop, nicolae_shop_gadgets

Skill      XL: |  1  2 |
---------------+-------+-----
Axes           | 3 |  3.0
Fighting       | 4 |  4.0
Dodging        | |  1.7
Stealth        | |  4.2

Action                   || total
-------------------------++-------
Melee: Hand axe          ||    18
       Punch             ||     1
Armor: Leather armour    ||    10
Dodge: Dodged            ||     8
